 Dungeon Crawl Stone Soup version 0.22-a0-274-gf8199ec82f (webtiles) character file.

548 NooBeakApe the Insei (level 7, -8/62 HPs)
             Began as a Naga Transmuter on Mar 14, 2018.
             Was an Initiate of Ru.
             Mangled by a centaur warrior (15 damage)
             ... on level 8 of the Dungeon.
             The game lasted 00:20:07 (4200 turns).

NooBeakApe the Insei (Naga Transmuter)              Turns: 4200, Time: 00:20:08

Health: -8/62      AC:  2    Str: 12    XL:     7   Next: 28%
Magic:  17/19      EV: 21    Int: 14    God:    Ru [......]
Gold:   189        SH:  3    Dex: 18    Spells: 0/10 levels left

rFire    . . .     SeeInvis +     - Unarmed
rCold    . . .     Gourm    .   (shield currently unavailable)
rNeg     + . .     Faith    .   (armour currently unavailable)
rPois    x         Spirit   .   (helmet currently unavailable)
rElec    .         Reflect  +   (cloak currently unavailable)
rCorr    .         Harm     .   (gloves currently unavailable)
MR       .....                  (no barding)
Stlth    ++........             w - +3 amulet of reflection
HPRegen  0.20/turn              e - ring of positive energy
MPRegen  0.16/turn              m - ring of magical power

@: spider-form
A: tiny, see invisible, slow metabolism 1, spit poison 1, AC +2
a: Spit Poison, End Transformation, Renounce Religion


You were on level 8 of the Dungeon.
You worshipped Ru.
Ru was noncommittal.
You were not hungry.
You were a venomous arachnid creature.
You visited 1 branch of the dungeon, and saw 6 of its levels.

You collected 189 gold pieces.

Inventory:

Hand Weapons
 q - a +0 hunting sling
Missiles
 a - 37 arrows
 j - 6 javelins (quivered)
Armour
 o - a +0 cloak (melded)
 p - a +2 helmet (melded)
 z - a +1 leather armour of cold resistance (melded)
 A - a +0 naga barding (melded)
Jewellery
 e - a ring of positive energy (left front leg)
 i - an uncursed amulet of regeneration
 m - a ring of magical power (right front leg)
 w - a +3 amulet of reflection (around neck)
 B - an uncursed ring of ice
Wands
 u - a wand of iceblast (7)
Scrolls
 b - a scroll of magic mapping
 f - 3 scrolls of enchant weapon {unknown}
 g - 4 scrolls of identify
 h - a scroll of random uselessness {unknown}
 l - a scroll of fog {unknown}
 r - a scroll of fear {unknown}
 v - a scroll of teleportation {unknown}
 x - a scroll of enchant armour {unknown}
 y - a scroll of blinking {unknown}
 C - a scroll of immolation {unknown}
Potions
 c - a potion of curing {unknown}
 k - 2 potions of heal wounds {unknown}
 n - 2 potions of degeneration {unknown}
 s - 2 potions of lignification {unknown}
 t - a potion of mutation {unknown}
Comestibles
 d - 10 rations


   Skills:
 - Level 3.0 Fighting
 - Level 1.0 Slings
 + Level 3.2 Dodging
 * Level 4.9 Unarmed Combat
 - Level 2.0 Spellcasting
 * Level 4.1 Transmutations
 - Level 2.0 Poison Magic


You couldn't memorise any spells.
You knew the following spells:

 Your Spells              Type           Power        Failure   Level  Hunger
a - Beastly Appendage     Tmut           ##....       13%         1    ##.....
b - Sticks to Snakes      Tmut           ##......     19%         2    ###....
c - Spider Form           Tmut/Pois      ##........   41%         3    ####...
d - Ice Form              Ice/Tmut       #.......     87%         4    #####..


Dungeon Overview and Level Annotations

Branches:
Dungeon (5/15)
 Temple: D:4-7

Altars:
Gozag
Hepliaklqana
Nemelex Xobeh
Ru


Innate Abilities, Weirdness & Mutations

You cannot wear boots.
((Your serpentine skin is tough. (AC +2)))
You have supernaturally acute eyesight. (SInv)
((Armour fits poorly on your strangely shaped body.))
((Your system is resistant to poisons. (rPois)))
((You cover ground very slowly.))
You have a slow metabolism.
You can spit poison.


Message History

Unknown command.
An orc wizard comes into view. It is wielding an enchanted dagger.
The orc wizard shouts!
The centaur misses you. You block the worker ant's attack.
The howler monkey hits you.
* * * LOW HITPOINT WARNING * * *
The centaur completely misses you.
Okay, then.
As you read the scroll labeled COUBUL LUNOUDD, it crumbles to dust.
It is a scroll of identify.
b - a scroll of magic mapping The centaur warrior unwields an uncursed shortbow.
The centaur warrior hits you but does no damage.
The worker ant bites you.
* * * LOW HITPOINT WARNING * * *
The centaur closely misses you.
You hear a distant slurping noise.
The door mysteriously vanishes.
You block the howler monkey's attack. The orc closely misses you.
The centaur warrior hits you!
You die...

###J##
#...$.###
........##
..).$....#
.#####o.a##
......hoO5#


..!.ooohco# ..o?o.ocsa# ..?#O.....# ...#......# .# ###...## ....# ....## ...##
#+## You could see a centaur warrior, a two-headed ogre, an orc warrior, an
ogre, a centaur, 2 howler monkeys, a jelly (wandering), 2 worker ants, an orc
priest, 2 orc wizards, a crimson imp and 5 orcs.

Vanquished Creatures
  The ghost of kusayu the Sneak, an amateur SpEn of Ru (D:4)
  An ogre (D:4)
  A crimson imp (D:4)
  A hound (D:4)
  Crazy Yiuf (D:4)
  Jessica (D:2)
  A worker ant (D:4)
  Robin (D:2)
  3 gnolls (D:2)
  6 adders
  3 worms
  5 dart slugs
  2 leopard geckos
  10 orcs
  A ball python (D:4)
  4 giant cockroaches
  18 goblins
  16 hobgoblins
  11 jackals
  5 kobolds
  3 quokkas
  9 bats
  4 frilled lizards (D:3)
  A jackal skeleton (D:4)
  A leopard gecko skeleton (D:4)
  6 rats
  A fungus (D:4)
117 creatures vanquished.

Vanquished Creatures (others)
  A fungus (D:4)
1 creature vanquished.

Grand Total: 118 creatures vanquished

Notes
Turn   | Place    | Note
-------+----------+-------------------------------------------
     0 | D:1      | NooBeakApe the Naga Transmuter began the quest for the Orb.
     0 | D:1      | Reached XP level 1. HP: 18/18 MP: 3/3
     3 | D:1      | Noticed a minotaur skeleton
   113 | D:1      | Reached XP level 2. HP: 25/25 MP: 5/5
   344 | D:1      | Learned a level 2 spell: Sticks to Snakes
   707 | D:1      | Reached XP level 3. HP: 31/31 MP: 6/6
   719 | D:1      | Learned a level 3 spell: Spider Form
  1012 | D:2      | Noticed Robin
  1205 | D:2      | Killed Robin
  1212 | D:2      | Reached skill level 1 in Poison Magic
  1219 | D:2      | Reached XP level 4. HP: 26/39 MP: 0/7
  1785 | D:2      | Noticed Jessica
  1792 | D:2      | Killed Jessica
  1792 | D:2      | Reached XP level 5. HP: 41/45 MP: 3/8
  2037 | D:2      | Found an opulent altar of Gozag.
  2037 | D:2      | Found a sparkling altar of Nemelex Xobeh.
  2764 | D:3      | Reached XP level 6. HP: 52/55 MP: 5/9
  3191 | D:4      | Reached skill level 1 in Slings
  3462 | D:4      | Noticed kusayu's ghost (amateur SpEn)
  3505 | D:4      | Killed kusayu's ghost
  3505 | D:4      | Reached XP level 7. HP: 51/62 MP: 10/10
  3609 | D:4      | Found a hazy altar of Hepliaklqana.
  3849 | D:4      | Found a runed door.
  3858 | D:4      | Learned a level 4 spell: Ice Form
  3859 | D:4      | Noticed Crazy Yiuf
  3865 | D:4      | Killed Crazy Yiuf
  3991 | D:5      | Entered Level 5 of the Dungeon
  4125 | D:5      | Found a sacrificial altar of Ru.
  4139 | D:5      | Became a worshipper of Ru the Awakened
  4192 | D:5      | You fall through a shaft for 3 floors!
  4192 | D:8      | Noticed a centaur warrior
  4192 | D:8      | Noticed a two-headed ogre
  4200 | D:8      | Mangled by a centaur warrior

Vault maps used:
D:1:      shiori_arrival_whats_in_store_for_you
D:2:      grunt_temple_overflow_opulence, uniq_jessica, uniq_robin
D:3:      minmay_surrounded
D:4:      nicolae_overflow_hidden_temple, uniq_crazy_yiuf_cottage
D:5:      first_ration, nicolae_ru_path_of_blood, uniq_ijyb
D:8:      wad_woods_minihive, grunt_lair_entry_orc_guard_hut, serial_shops,
          nicolae_shop_statue_plus, david_nohive_1, grunt_potential

Skill      XL: |  1  2  3  4  5  6 |
---------------+-------------------+-----
Dodging        | 2 3 |  3.2
Poison Magic   | 1 2 |  2.0
Fighting       | 2 3 |  3.0
Unarmed Combat | 4 |  4.9
Transmutations | 3 4 |  4.1
Slings         | 1 |  1.0
Spellcasting   | |  2.0

Action                   |  1- 3 |  4- 6 |  7- 9 || total
-------------------------+-------+-------+-------++-------
Melee: Unarmed           |    70 |   230 |    28 ||   328
       Headbutt          |     5 |     2 |       ||     7
       Punch             |     1 |     3 |       ||     4
 Cast: Beastly Appendage |     8 |       |       ||     8
       Spider Form       |     2 |    18 |     3 ||    23
       Sticks to Snakes  |       |     7 |       ||     7
 Abil: Spit Poison       |    26 |    32 |       ||    58
       End Transformatio |       |     1 |       ||     1
  Use: Potion            |       |     1 |       ||     1
       Scroll            |       |       |     1 ||     1
 Stab: Sleeping          |       |       |     1 ||     1
  Eat: Chunk             |     2 |    11 |       ||    13
       Ration            |       |       |     1 ||     1
Armor: Robe              |    13 |     1 |       ||    14
       Animal skin       |       |    31 |       ||    31
       Leather armour    |       |    16 |     1 ||    17
       Skin              |       |     4 |     1 ||     5
Dodge: Dodged            |    36 |   172 |    13 ||   221
Block: Other             |       |     2 |     7 ||     9
       Reflection        |       |       |     1 ||     1

Table legend:
 A = Spawn XP
 B = Non-spawn XP
 C = Spawn XP percentage of total XP
 D = Spawn monster count
 E = Non-spawn monster count
 F = Spawn count percentage of total count
 G = Total turns spent on level
                    A         B        C        D         E        F      G
               +---------+---------+-------+---------+---------+-------+---------
         Total |       0 |     783 |   0.0 |       0 |     116 |   0.0 |  4200
               +---------+---------+-------+---------+---------+-------+---------
           D:1 |       0 |      49 |   0.0 |       0 |      28 |   0.0 |  1160
           D:2 |       0 |     180 |   0.0 |       0 |      33 |   0.0 |  1126
           D:3 |       0 |     124 |   0.0 |       0 |      42 |   0.0 |   755
           D:4 |       0 |     414 |   0.0 |       0 |      11 |   0.0 |   950
           D:5 |       0 |      16 |   0.0 |       0 |       2 |   0.0 |   201
               +---------+---------+-------+---------+---------+-------+---------
